 Dungeon Crawl Stone Soup version 0.31-a0-988-g08d55dae12 (webtiles) character file.

Game seed: 13737590853259866056

8486 BinkBink the Thaumaturge (level 11, -7/54 HPs)
             Began as a Deep Elf Air Elementalist on Nov 5, 2023.
             Was an Initiate of Qazlal.
             Killed from afar by a gargoyle (9 damage)
             ... with a stone arrow
             ... on level 11 of the Dungeon.
             The game lasted 00:32:44 (12153 turns).

BinkBink the Thaumaturge (DEAE)                    Turns: 12153, Time: 00:32:44

Health: -7/54      AC:  6    Str:  5    XL:     11   Next: 10%
Magic:  27/27      EV: 22    Int: 25    God:    Qazlal [......]
Gold:   606        SH:  0    Dex: 15    Spells: 21/31 levels left

rFire   . . .        F - staff of air
rCold   . . .        (no shield)
rNeg    . . .        C - +0 steam dragon scales
rPois   .            (no helmet)
rElec   +            t - +0 cloak
rCorr   .            (no gloves)
SInv    +            (no boots)
Will    +....        A - amulet of magic regeneration
Stlth   +++++        q - ring of see invisible
HPRegen 0.29/turn    s - +5 ring of evasion
MPRegen 0.60/turn

%: no passive effects
@: sluggish, very slow
A: no striking features
a: Renounce Religion


You were on level 11 of the Dungeon.
You worshipped Qazlal.
Qazlal was noncommittal.
You visited 2 branches of the dungeon, and saw 12 of its levels.
You also visited: Sewer.

You collected 606 gold pieces.

Inventory:

Hand Weapons
 d - a +2 vampiric double sword
Missiles
 a - 2 throwing nets
Armour
 l - a scarf of shadows
 t - a +0 cloak (worn)
 C - +0 steam dragon scales (worn)
Magical Staves
 F - a staff of air (weapon)
Jewellery
 q - a ring of see invisible (left hand)
 s - a +5 ring of evasion (right hand)
 A - an amulet of magic regeneration (around neck)
 D - a +6 ring of strength
 G - a ring of magical power
Wands
 u - a wand of iceblast (9)
 y - a wand of polymorph (8)
 B - a wand of flame (1)
 I - a wand of charming (4)
Scrolls
 c - a scroll of revelation
 e - 3 scrolls of teleportation
 f - a scroll of torment {unknown}
 m - 2 scrolls of enchant weapon
 o - 2 scrolls of silence
 p - 2 scrolls of immolation
 r - a scroll of vulnerability {unknown}
 w - a scroll of blinking {unknown}
 x - 3 scrolls of amnesia
 H - a scroll of identify
Potions
 b - 2 potions of magic
 g - 7 potions of heal wounds
 h - 4 potions of mutation
 i - a potion of might {unknown}
 j - 4 potions of brilliance
 k - 4 potions of curing
 n - 4 potions of degeneration
 v - 6 potions of enlightenment
 z - a potion of ambrosia
 E - 2 potions of attraction


   Skills:
 + Level 9.6 Dodging
 + Level 10.5 Stealth
 + Level 10.5 Spellcasting
 + Level 8.6 Conjurations
 + Level 8.3 Air Magic


You had 21 spell levels left.
You knew the following spells:

 Your Spells              Type           Power      Damage    Failure   Level
a - Shock                 Conj/Air       100%       1d9       1%          1
b - Static Discharge      Conj/Air       100%       3-8/arc   1%          2
c - Swiftness             Air            70%        N/A       1%          3
d - Airstrike             Air            35%        2d(5-21)  1%          4

Your spell library contained the following spells:

 Spells                   Type           Power      Damage    Failure   Level
 Magic Dart               Conj           100%       1d8       1%          1
 Searing Ray              Conj           100%       2d8       1%          2
 Apportation              Tloc           26%        N/A       4%          1
 Necrotise                Necr           52%        1d6       4%          1
 Summon Small Mammal      Summ           52%        N/A       4%          1
 Sublimation of Blood     Necr           13%        N/A       7%          2
 Wereblood                Tmut           13%        N/A       7%          2
 Fulminant Prism          Conj/Hex       17%        3d11      8%          4
 Tukima's Dance           Hex            13%        N/A       14%         3
 Passage of Golubria      Tloc           13%        N/A       43%         4
 Yara's Violent Unravell  Hex/Tmut       6%         3d5       78%         5
 Summon Hydra             Summ           6%         N/A       100%        7


Dungeon Overview and Level Annotations

Branches:
Dungeon (10/15)            Temple (1/1) D:6           Sewer (visited)
   Lair: D:8-11         Orc: D:9-12

Altars:
Ashenzari
Cheibriados
Dithmenos
Elyvilon
Fedhas
Gozag
Hepliaklqana
Kikubaaqudgha
Makhleb
Nemelex Xobeh
Okawaru
Qazlal
Ru
Sif Muna
Trog
Uskayaw
Vehumet
Wu Jian
Xom
Yredelemnul
Zin
The Shining One

Shops:
D:7 (


Message History

Press: ? - help, Dir - move target, f/p - gargoyle
Aim: a gargoyle, wielding a +0 mace (moderately damaged, empty space bonus: 8/8)
You feel a surge of power!
The air twists around and strikes the gargoyle.
The gargoyle is moderately damaged.
Casting: Airstrike (dangerous; 1% risk of failure)
Confirm with . or Enter, or press ? or * to list all spells.
Aiming: Airstrike (dangerous; 1% risk of failure)
Press: ? - help, Dir - move target, f/p - gargoyle
Aim: a gargoyle, wielding a +0 mace (moderately damaged, empty space bonus: 8/8)
You feel a surge of power!
The air twists around and strikes the gargoyle but does no damage.
Casting: Airstrike (dangerous; 1% risk of failure)
Confirm with . or Enter, or press ? or * to list all spells.
You feel a surge of power!
You feel quick.
A komodo dragon comes into view.
An acid dragon comes into view.
You start to feel a little slower.
The komodo dragon barely misses you.
You feel sluggish. The gargoyle closely misses you.
The komodo dragon attacks as it pursues you!
The komodo dragon closely misses you. The gargoyle hits you with a +0 mace.
The komodo dragon attacks as it pursues you!
The komodo dragon completely misses you.
The gargoyle barely misses you. The gargoyle misses you.
The komodo dragon hisses menacingly.
The komodo dragon bites you.
The gargoyle hurls a stone arrow at you.
The stone arrow misses you.
The gargoyle hurls a stone arrow at you.
The stone arrow misses you.
The komodo dragon attacks as it pursues you!
The komodo dragon bites you!! x2
* * * LOW HITPOINT WARNING * * *
The komodo dragon attacks as it pursues you!
The komodo dragon closely misses you.
The gargoyle hurls a stone arrow at you.
The stone arrow hits you!
You die...

#.........#
#..>......#
#..######.#
#..# #.#
#..# #.#
#..######.#
#........9#
#.........#
#@.....##.#
#......##.#
#l.....##.#
#.9....##.#
#.........#
#.........#
#.######..#
#.# #..#
#.# #..#


You could see a komodo dragon and a gargoyle.

Vanquished Creatures
  3 two-headed ogres
  An unseen horror (D:6)
  Jeremiah (D:8)
  A troll (D:11)
  A wraith (D:10)
  11 yaks
  A wyvern (D:9)
  Grum (D:8)
  2 steam dragons
  2 vampire mosquitoes (D:9)
  An acid dragon (D:9)
  2 ice beasts
  A sky beast (D:6)
  2 orc warriors
  2 black bears
  2 ogres (D:5)
  A centaur (D:6)
  2 wolves (D:8)
  A phantom (D:6)
  2 kobold brigands (D:6)
  4 bullfrogs
  A gnoll sergeant (D:9)
  6 scorpions
  5 killer bees (D:9)
  4 howler monkeys
  A crimson imp (D:6)
  3 orc priests
  5 hounds
  2 jellies
  2 gnoll boudas
  3 iguanas (D:6)
  7 orc wizards
  9 gnolls
  11 adders
  7 river rats (Sewer)
  4 shadow imps
  2 white imps
  4 ufetubi (D:5)
  2 worms
  6 dart slugs
  24 orcs
  6 endoplasms
  3 giant cockroaches
  5 hobgoblins
  4 jackals
  13 kobolds
  7 quokkas
  14 ball pythons
  12 bats
  3 frilled lizards
  4 goblins
  6 rats
229 creatures vanquished.

Notes
Turn   | Place    | Note
-------+----------+-------------------------------------------
     0 | D:1      | BinkBink the Deep Elf Air Elementalist began the quest for
                  | the Orb.
     0 | D:1      | Reached XP level 1. HP: 10/10 MP: 6/6
   244 | D:1      | Reached XP level 2. HP: 15/15 MP: 5/8
   950 | D:2      | Reached XP level 3. HP: 19/19 MP: 4/9
  1641 | D:2      | Found a blossoming altar of Fedhas.
  1736 | D:3      | Learned a level 2 spell: Static Discharge
  1994 | D:3      | Noticed a scorpion
  1998 | D:3      | Reached XP level 4. HP: 24/24 MP: 0/11
  2008 | D:3      | Identified a scroll of acquirement
  2008 | D:3      | Acquired a +2 vampiric double sword
  2787 | D:4      | Noticed a scorpion
  2805 | D:4      | Killed a scorpion
  2806 | D:4      | Reached XP level 5. HP: 3/28 MP: 1/13
  3009 | D:4      | Found a glowing drain.
  3014 | Sewer    | Entered a sewer
  3537 | Sewer    | Reached XP level 6. HP: 28/32 MP: 10/14
  4461 | D:5      | Entered Level 5 of the Dungeon
  4559 | D:5      | Reached skill level 5 in Spellcasting
  4674 | D:5      | Reached XP level 7. HP: 36/36 MP: 9/16
  4690 | D:5      | Reached skill level 5 in Stealth
  4854 | D:5      | Learned a level 3 spell: Swiftness
  5167 | D:5      | Reached skill level 5 in Dodging
  5567 | D:5      | Found a white marble altar of Elyvilon.
  5941 | D:5      | Reached skill level 5 in Air Magic
  6136 | D:6      | Reached XP level 8. HP: 41/41 MP: 13/19
  6703 | D:6      | Found an opulent altar of Gozag.
  6721 | D:6      | Found a bloodstained altar of Trog.
  6722 | D:6      | Found a shadowy altar of Dithmenos.
  6722 | D:6      | Found a hazy altar of Hepliaklqana.
  6722 | D:6      | Found a sacrificial altar of Ru.
  6722 | D:6      | Found an iron altar of Okawaru.
  6753 | D:6      | Reached skill level 5 in Conjurations
  6952 | D:6      | Found a radiant altar of Vehumet.
  6953 | D:6      | Found a burning altar of Makhleb.
  7160 | D:6      | Found a staircase to the Ecumenical Temple.
  7169 | Temple   | Entered the Ecumenical Temple
  7814 | D:6      | Noticed an unseen horror
  7829 | D:6      | Killed an unseen horror
  7830 | D:6      | Reached XP level 9. HP: 26/45 MP: 6/22
  7961 | D:5      | Learned a level 4 spell: Airstrike
  8290 | D:7      | Found Ikis Bac's Weapon Shoppe.
  8306 | D:7      | Noticed a two-headed ogre
  8318 | D:7      | Killed a two-headed ogre
  8715 | D:7      | Reached XP level 10. HP: 50/50 MP: 18/24
  9071 | D:8      | Noticed Grum
  9177 | D:8      | Killed Grum
  9465 | D:8      | Noticed Jeremiah
  9471 | D:8      | Noticed a two-headed ogre
  9564 | D:8      | Identified the +0 leather armour of the Sun {Regen+ Int+3
                  | Dex-3}
  9591 | D:8      | Killed a two-headed ogre
  9652 | D:8      | Killed Jeremiah
  9945 | D:8      | Identified the +0 ring mail "Nozeupty" {rC+ rCorr Stlth+}
  9953 | D:8      | Found a stormy altar of Qazlal.
  9961 | D:8      | Became a worshipper of Qazlal Stormbringer
 10026 | D:8      | Reached skill level 10 in Spellcasting
 10066 | D:8      | Reached skill level 10 in Stealth
 10441 | D:9      | Noticed a rust devil
 10441 | D:9      | Noticed a rust devil
 10795 | D:9      | Found an ornate altar of the Wu Jian Council.
 11754 | D:10     | Entered Level 10 of the Dungeon
 11793 | D:10     | Noticed a two-headed ogre
 11815 | D:10     | Killed a two-headed ogre
 11816 | D:10     | Reached XP level 11. HP: 54/54 MP: 10/27
 12058 | D:10     | You fall into a shaft and drop 1 floor!
 12151 | D:11     | HP: 1/54 [komodo dragon (22)]
 12153 | D:11     | Killed from afar by a gargoyle

Illustrated notes

Levels and vault maps discovered:
D:1:      lightli_arrival_boilingwater, layout_basic
D:2:      layout_loops_ring, basic_altar, minmay_3d_cube
D:3:      layout_loops_ring, grunt_decor_arrowhead, grunt_decor_mini_mirrors
D:4:      layout_rooms, portal_sewer_entry_e, serial_rivers,
          chequers_serial_rivers_small_b, chequers_serial_rivers_marsh,
          chequers_serial_rivers_micro_d, chequers_serial_rivers_room_a,
          chequers_serial_rivers_room_a, chequers_serial_rivers_micro_e
D:5:      layout_gridville, nicolae_elyvilon_temple_path,
          kennysheep_generic_room_4
D:6:      cheibrodos_barr_body, layout_cave_pods,
          grunt_temple_overflow_lords_of_destruction,
          grunt_temple_overflow_open, minmay_temple_entry_trees
D:7:      layout_loops_cross, serial_shops, nicolae_shop_advertising_works
          [nicolae_subvault_shop_adworks], dreamdust_gnoll_shepherd
D:8:      layout_cave_pools, nicolae_qazlal_style_of_elements, kennysheep_boxes,
          uniq_jeremiah, uniq_grum
D:9:      cheibrodos_iron_armory, layout_long_grid,
          mainiacjoe_overflow_cross_hatched
D:10:     layout_gridville, erik_orc_1, lightli_wizard_tower
D:11:     layout_stronghold, erik_lair_dragon
Temple:   minmay_temple_curvy_loop

Skill      XL: |  1  2  3  4  5  6  7  8  9 10 |
---------------+-------------------------------+-----
Stealth        | 3 4 5 7 8 10 | 10.5
Dodging        | 3 4 5 6 8 9 |  9.6
Conjurations   | 2 3 4 5 7 8 |  8.6
Spellcasting   | 4 5 6 7 8 10 | 10.5
Air Magic      | 4 5 6 7 8 |  8.3

Action                     |  1- 3 |  4- 6 |  7- 9 | 10-12 || total
---------------------------+-------+-------+-------+-------++-------
  Melee: Double sword      |       |     3 |    11 |     1 ||    15
   Cast: Shock             |    90 |   114 |   177 |    75 ||   456
         Static Discharge  |     2 |    20 |    18 |    14 ||    54
         Swiftness         |       |       |     2 |     7 ||     9
         Airstrike         |       |       |    28 |    69 ||    97
    Use: Scroll            |       |     9 |     2 |     4 ||    15
         Potion            |       |     1 |       |       ||     1
 Armour: Robe              |     8 |    46 |    47 |       ||   101
         Steam dragon scal |       |       |     5 |    41 ||    46
  Dodge: Dodged            |     6 |    36 |    65 |    54 ||   161

Table legend: (Time is in decaauts)
 A = Elapsed time spent in this place.
 B = Non-inter-level travel time spent in this place.
 C = Inter-level travel time spent in this place.
 D = Time resting spent in this place.
 E = Time spent auto-exploring this place.
 F = Levels seen in this place.
 G = Mean time per level.
                   A        B        C        D        E       F      G
               +--------+--------+--------+--------+--------+-----+--------+
         Total |  12300 |  11779 |    521 |   1757 |   8061 |  13 |  946.2 |
       Dungeon |  10972 |  10534 |    438 |   1757 |   6965 |  11 |  997.5 |
        Temple |     84 |      1 |     83 |      0 |      0 |   1 |   84.0 |
         Sewer |   1242 |   1242 |      0 |      0 |   1096 |   1 | 1242.0 |
               +--------+--------+--------+--------+--------+-----+--------+

Top non-repeatable levels by time:
     D:5: 1964 daAuts
     D:6: 1710 daAuts
     D:9: 1550 daAuts
   Sewer: 1242 daAuts
     D:8: 1078 daAuts
     D:3: 1072 daAuts
     D:7: 1017 daAuts
     D:2: 866 daAuts
     D:1: 817 daAuts
     D:4: 625 daAuts
    D:10: 178 daAuts
    D:11: 89 daAuts
  Temple: 84 daAuts
